[Event "Titled Tuesday Blitz January 18 2022"]
[White "Vignesh, N R"]
[Black "Sarana, Alexey"]
[WhiteFideId "25012215"]
[BlackFideId "24133795"]
[WhiteElo "2395"]
[BlackElo "2665"]
[Result "0-1"]
[Round "03"]
[TimeControl "180+1"]
[Date "2022.01.18"]
[WhiteClock "0:01:22"]
[BlackClock "0:01:40"]

1. d4 d5 2. c4 e6 3. Nf3 Nf6 4. Nc3 Bb4 5. Qa4+ Nc6 6. Bd2 O-O 7. e3 dxc4 8. Bxc4 Bd6 9. Qc2 e5 10. dxe5 Nxe5 11. Nxe5 Bxe5 12. f4 Bxc3 13. Bxc3 g6 14. O-O Bf5 15. Qb3 Ne4 16. Rad1 Qe7 17. Be5 c6 18. a4 Rad8 19. a5 Nd2 20. Qc3 Nxf1 21. Bh8 Qxe3+ 0-1


[Site "https://www.chess.com"]

[Event "Titled Tuesday Blitz January 18 2022"]
[White "Vokhidov, Shamsiddin"]
[Black "Shirazi, Kamran"]
[WhiteFideId "14204223"]
[BlackFideId "2000733"]
[WhiteElo "2611"]
[BlackElo "2317"]
[Result "1-0"]
[Round "03"]
[TimeControl "180+1"]
[Date "2022.01.18"]
[WhiteClock "0:00:49"]
[BlackClock "0:00:01"]

1. e4 d5 2. exd5 c6 3. dxc6 Nxc6 4. Nf3 e5 5. Nc3 Bd6 6. Bb5 Ne7 7. d4 exd4 8. Nxd4 O-O 9. Nxc6 bxc6 10. Bd3 Rb8 11. O-O Ng6 12. Ne4 Be5 13. Qh5 Rb4 14. a3 Rd4 15. Be3 Rxd3 16. cxd3 Qxd3 17. Nc5 Qc2 18. Rac1 Qf5 19. Qxf5 Bxf5 20. Na4 Rb8 21. Bxa7 Ra8 22. Rfd1 h6 23. Bd4 Rxa4 24. Bxe5 Nxe5 25. Rc5 f6 26. b3 Rxa3 27. f4 Rxb3 28. fxe5 fxe5 29. Rxe5 Bg6 30. Rd6 Rb1+ 31. Kf2 Rb2+ 32. Kg3 Bf7 33. Rxc6 Rb3+ 34. Kf2 Rb2+ 35. Re2 Rb5 36. Rc7 Rf5+ 37. Kg1 Bg6 38. Ree7 Bf7 39. Rc8+ Kh7 40. Rf8 Kg6 41. Rc7 Rf6 42. h3 h5 43. Kh2 Rf5 44. Rc6+ Kh7 45. Rc7 Kg6 46. Rh8 1-0


[Site "https://www.chess.com"]

[Event "Titled Tuesday Blitz January 18 2022"]
[White "Vovk, Orest"]
[Black "Savchenko, Boris"]
[WhiteFideId "14113490"]
[BlackFideId "4147332"]
[WhiteElo "2203"]
[BlackElo "2512"]
[Result "0-1"]
[Round "03"]
[TimeControl "180+1"]
[Date "2022.01.18"]
[WhiteClock "0:00:02"]
[BlackClock "0:00:16"]

1. h4 d5 2. h5 c5 3. e4 dxe4 4. Nc3 Nf6 5. Rh4 Nc6 6. Nxe4 e5 7. Nxf6+ Qxf6 8. g3 Be7 9. Bc4 O-O 10. d3 b5 11. Bd5 Qd6 12. Qf3 Bb7 13. Rg4 Kh8 14. h6 g6 15. Bxc6 Bxc6 16. Qe2 f5 17. Rg5 c4 18. dxc4 bxc4 19. Bd2 Rab8 20. O-O-O Kg8 21. Bc3 Bxg5+ 22. f4 exf4 23. gxf4 Bxf4+ 24. Kb1 Rfe8 25. Qxc4+ Bd5 26. Rxd5 Re4 27. Rd4+ Qe6 28. Rxe4 Qxc4 29. Rxc4 Rd8 30. a3 Bxh6 31. Nf3 Be3 32. Ka2 g5 33. Ne5 h5 34. Rc6 g4 35. Rg6+ Kh7 36. Rf6 f4 37. Rf7+ Kh6 38. Rf6+ Kh7 39. Rf7+ Kg8 40. Rf6 Re8 41. Rg6+ Kh7 42. Rg5 g3 43. Nf7 Rg8 44. Rxh5+ Kg6 45. Rg5+ Kxf7 46. Rf5+ Kg6 47. Rf6+ Kg5 48. Rf7 g2 49. Rf8 Rxf8 0-1


[Site "https://www.chess.com"]

[Event "Titled Tuesday Blitz January 18 2022"]
[White "Willow, Jonah B"]
[Black "Sebag, Marie"]
[WhiteFideId "438804"]
[BlackFideId "617822"]
[WhiteElo "2261"]
[BlackElo "2482"]
[Result "1-0"]
[Round "03"]
[TimeControl "180+1"]
[Date "2022.01.18"]
[WhiteClock "0:00:09"]
[BlackClock "0:00:06"]

1. e4 c6 2. d4 d5 3. Nc3 dxe4 4. Nxe4 Nf6 5. Nxf6+ exf6 6. c3 Bd6 7. Bd3 Qc7 8. Qc2 h5 9. Ne2 O-O 10. Be3 Be6 11. O-O-O b5 12. Kb1 a5 13. c4 bxc4 14. Bxc4 Bxc4 15. Qxc4 Nd7 16. Rc1 Rfc8 17. Rhd1 Rab8 18. Ka1 Nb6 19. Qc2 Nd5 20. Bd2 a4 21. Qxa4 Ra8 22. Qc4 Qa7 23. Nc3 Nb6 24. Qd3 Rcb8 25. b3 Nd5 26. Na4 Ba3 27. Rc2 Nb4 28. Bxb4 Rxb4 29. d5 cxd5 30. Qxd5 Re8 31. Nc5 Rbb8 32. Nd3 Rbd8 33. Qc6 Re6 34. Qc4 Red6 35. Rcd2 Rd4 36. Qc3 Qb8 37. b4 Qa7 38. Rb1 R4d7 39. Rb3 Rc7 40. Rxa3 Rxc3 41. Rxa7 Rcxd3 42. Rxd3 Rxd3 43. b5 Rd2 44. b6 Kh7 45. b7 Rd1+ 46. Kb2 1-0


[Site "https://www.chess.com"]

[Event "Titled Tuesday Blitz January 18 2022"]
[White "Xiong, Jeffery"]
[Black "Kosakowski, Jakub"]
[WhiteFideId "2047640"]
[BlackFideId "1185080"]
[WhiteElo "2727"]
[BlackElo "2476"]
[Result "1/2-1/2"]
[Round "03"]
[TimeControl "180+1"]
[Date "2022.01.18"]
[WhiteClock "0:00:07"]
[BlackClock "0:00:10"]

1. e4 c5 2. Nc3 e6 3. Nf3 Nc6 4. d4 cxd4 5. Nxd4 Qc7 6. g4 a6 7. h4 Nf6 8. Nxc6 Qxc6 9. Bg2 Bb4 10. g5 Nxe4 11. O-O Bxc3 12. bxc3 d5 13. Bxe4 dxe4 14. Ba3 Bd7 15. Qd4 O-O-O 16. Rfd1 e5 17. Qxe5 Bg4 18. Rd4 Rxd4 19. cxd4 Re8 20. Qf4 Be6 21. c4 Bxc4 22. Rd1 Qd5 23. Bd6 e3 24. fxe3 Re4 25. Qg3 Kd7 26. Bf4 Bxa2 27. Rc1 Bc4 28. Qg4+ Kd8 29. Kf2 Re6 30. Kg3 b5 31. Be5 f6 32. gxf6 gxf6 33. Qg8+ Kd7 34. Qxh7+ Re7 35. Qf5+ Qe6 36. Qxf6 Qxf6 37. Bxf6 Rxe3+ 38. Kf4 Rh3 39. Ra1 b4 40. Ra4 Ke6 41. Bg5 Rd3 42. Rxb4 Rxd4+ 43. Ke3 Kd5 44. h5 Re4+ 45. Kf2 Re5 46. Be3 Rxh5 47. Ra4 Rf5+ 48. Ke1 Bb5 49. Rd4+ Ke5 50. Kd2 Rf3 51. Rd8 Rh3 52. Bd4+ Ke4 53. Bc3 Rh2+ 54. Kc1 Bd3 55. Bd2 Rh1+ 56. Kb2 Bb5 57. Kc3 Rh3+ 58. Kb4 Rd3 59. Rxd3 Kxd3 60. Bg5 a5+ 61. Kxa5 1/2-1/2


[Site "https://www.chess.com"]

[Event "Titled Tuesday Blitz January 18 2022"]
[White "Yang, Kaiqi"]
[Black "Ivanov, Oleg"]
[WhiteFideId "8604398"]
[BlackFideId "4103114"]
[WhiteElo "2373"]
[BlackElo "2836"]
[Result "0-1"]
[Round "03"]
[TimeControl "180+1"]
[Date "2022.01.18"]
[WhiteClock "0:00:19"]
[BlackClock "0:00:33"]

1. c4 c5 2. Nf3 g6 3. Nc3 Bg7 4. g3 Nc6 5. Bg2 e6 6. O-O Nge7 7. d3 O-O 8. Bd2 h6 9. Qc1 Kh7 10. h4 b6 11. h5 g5 12. Ne4 d5 13. Nexg5+ hxg5 14. Nxg5+ Kh8 15. h6 Bf6 16. Nh3 Bb7 17. Nf4 dxc4 18. dxc4 Nf5 19. Nh5 Ncd4 20. Re1 Bxg2 21. Kxg2 Rg8 22. e3 Nh4+ 23. Kh3 Ndf3 24. Bc3 Bxc3 25. Qxc3+ e5 26. Red1 Qc8+ 0-1


[Site "https://www.chess.com"]

[Event "Titled Tuesday Blitz January 18 2022"]
[White "Yuan, Qingyu"]
[Black "Stankovic, Ivan G"]
[WhiteFideId "8609772"]
[BlackFideId "902837"]
[WhiteElo "2359"]
[BlackElo "2195"]
[Result "1-0"]
[Round "03"]
[TimeControl "180+1"]
[Date "2022.01.18"]
[WhiteClock "0:00:08"]
[BlackClock "0:00:20"]

1. Nf3 c5 2. g3 Nc6 3. Bg2 g6 4. c4 Bg7 5. Nc3 d6 6. O-O e5 7. a3 Rb8 8. b4 cxb4 9. axb4 Nge7 10. b5 Nd4 11. Rxa7 O-O 12. Nxd4 exd4 13. Nd5 Nxd5 14. Bxd5 Qb6 15. Qa4 Bg4 16. Re1 Rfe8 17. e3 Be6 18. Bxe6 Rxe6 19. Ba3 dxe3 20. Rxe3 Bd4 21. Ra8 Rxa8 22. Qxa8+ Kg7 23. Rxe6 Bxf2+ 24. Kh1 fxe6 25. Bb2+ e5 26. Qc8 Be1 27. Qd7+ Kh6 28. Qh3+ Kg7 29. Qd7+ Kh6 30. Qh3+ Kg7 31. Qg2 Bf2 32. Qd5 Bc5 33. Kg2 Qc7 34. d3 b6 35. Bc1 Qf7 36. Qxf7+ Kxf7 37. Kf3 Ke6 38. Ke4 h5 39. h3 Bf2 40. g4 hxg4 41. hxg4 Bc5 42. Bd2 Bd4 43. Bg5 Bc5 44. Bh4 Bb4 45. Bf2 Bc5 46. Bg3 Bb4 47. Bh4 Bc5 48. Bd8 Bg1 49. Bg5 Bc5 50. Bh4 Bd4 51. Be1 Bc5 52. Bc3 Bg1 53. d4 exd4 54. Bxd4 Bxd4 55. Kxd4 Ke7 56. Kd5 Kd7 57. g5 1-0


[Site "https://www.chess.com"]

[Event "Titled Tuesday Blitz January 18 2022"]
[White "Zhigalko, Sergei"]
[Black "Klukin, Kirill"]
[WhiteFideId "13502956"]
[BlackFideId "24199273"]
[WhiteElo "2662"]
[BlackElo "2324"]
[Result "1-0"]
[Round "03"]
[TimeControl "180+1"]
[Date "2022.01.18"]
[WhiteClock "0:00:04"]
[BlackClock "0:00:08"]

1. e4 c5 2. Nf3 Nc6 3. c3 Nf6 4. e5 Nd5 5. Bc4 Nb6 6. Bb3 d5 7. exd6 Qxd6 8. O-O c4 9. Bc2 Bg4 10. Re1 e6 11. b3 Be7 12. Na3 cxb3 13. axb3 O-O 14. Nc4 Qc7 15. Nxb6 Qxb6 16. d4 Rfd8 17. Ba3 Rac8 18. Bxh7+ Kf8 19. h3 Bxa3 20. Rxa3 Bxf3 21. Qxf3 Ne7 22. Be4 Rc7 23. Re3 a6 24. Qh5 Qd6 25. Qh8+ Ng8 26. Ra5 g6 27. Rf3 Ke7 28. Bxg6 fxg6 29. Qg7+ Ke8 30. Qxg8+ Kd7 31. Qxg6 Kc8 32. Qe4 Qd7 33. Re5 Rc6 34. g3 Re8 35. Kg2 Qc7 36. c4 Kb8 37. d5 Rd6 38. Rxe6 Rdxe6 39. dxe6 Qd6 40. Re3 Re7 41. h4 Ka7 42. h5 Qc5 43. Qe5 Qc8 44. h6 Qg8 45. Qc5+ 1-0


[Site "https://www.chess.com"]

[Event "Titled Tuesday Blitz January 18 2022"]
[White "Albornoz Cabrera, Carlos Daniel"]
[Black "Kadam, Om Manish"]
[WhiteFideId "3518736"]
[BlackFideId "45076294"]
[WhiteElo "2490"]
[BlackElo "1729"]
[Result "1-0"]
[Round "04"]
[TimeControl "180+1"]
[Date "2022.01.18"]
[WhiteClock "0:02:19"]
[BlackClock "0:01:40"]

1. Nf3 Nf6 2. c4 g6 3. g3 Bg7 4. Bg2 O-O 5. O-O c6 6. b3 d5 7. Bb2 b6 8. d3 Bb7 9. Nbd2 Nbd7 10. Qc2 Rc8 11. e4 dxe4 12. dxe4 Qc7 13. e5 Ng4 14. e6 f6 15. exd7 Qxd7 16. Rad1 Qc7 17. h3 Ne5 18. Nxe5 fxe5 19. Ne4 c5 20. Ng5 Bxg2 21. Kxg2 Rf5 22. Ne4 Rcf8 23. Qe2 Qc6 24. Rd3 h5 25. f3 g5 26. g4 hxg4 27. hxg4 Rf4 28. Bc1 R4f7 29. Nxg5 Rf6 30. Qe4 Qc7 31. Qh7# 1-0


[Site "https://www.chess.com"]

[Event "Titled Tuesday Blitz January 18 2022"]
[White "Artemenko, Oleg"]
[Black "Fawzy, Adham"]
[WhiteFideId "14201798"]
[BlackFideId "10613129"]
[WhiteElo "2287"]
[BlackElo "2510"]
[Result "0-1"]
[Round "04"]
[TimeControl "180+1"]
[Date "2022.01.18"]
[WhiteClock "0:00:48"]
[BlackClock "0:01:34"]

1. d4 Nf6 2. Nc3 d5 3. Bf4 c6 4. f3 Bf5 5. g4 Bg6 6. h4 h6 7. e3 e6 8. Bd3 Bd6 9. Bxg6 fxg6 10. Qd3 Kf7 11. Nge2 Nh7 12. Bxd6 Qxd6 13. Nf4 Nf8 14. O-O-O Nbd7 15. h5 g5 16. Ng6 Nxg6 17. Qxg6+ Kg8 18. Rdf1 Rf8 19. Ne2 Rf6 20. Qd3 e5 21. Ng3 e4 22. fxe4 Qxg3 23. e5 Rf3 24. Rxf3 Qxf3 25. Rf1 Qe4 26. Qxe4 dxe4 27. c4 Nb6 28. b3 g6 29. hxg6 Kg7 30. Rf6 h5 31. gxh5 Rxh5 32. Kd1 Rh1+ 33. Ke2 Rh2+ 34. Kf1 Rxa2 35. Rf7+ Kxg6 36. Rxb7 Rb2 37. Rxa7 Rxb3 38. Rb7 Rb1+ 39. Kg2 Rb2+ 40. Kg3 Nxc4 41. Rc7 Nxe3 42. Rxc6+ Kh5 43. Rf6 Rg2+ 0-1


[Site "https://www.chess.com"]

[Event "Titled Tuesday Blitz January 18 2022"]
[White "Bacrot, Etienne"]
[Black "Nyzhnyk, Illya"]
[WhiteFideId "605506"]
[BlackFideId "14118084"]
[WhiteElo "2673"]
[BlackElo "2694"]
[Result "0-1"]
[Round "04"]
[TimeControl "180+1"]
[Date "2022.01.18"]
[WhiteClock "0:00:28"]
[BlackClock "0:00:38"]

1. d4 d5 2. Nf3 Nf6 3. c4 c6 4. e3 Bf5 5. Nc3 e6 6. Nh4 Be4 7. f3 Bg6 8. Nxg6 hxg6 9. Bd2 Be7 10. Qb3 Qc8 11. e4 dxe4 12. fxe4 e5 13. d5 Nbd7 14. O-O-O Nc5 15. Qc2 a5 16. Be2 cxd5 17. exd5 Kf8 18. Be3 Ne8 19. Kb1 Kg8 20. h3 b6 21. d6 Bxd6 22. Bf3 Rb8 23. Rhf1 Ne6 24. Nd5 Bc5 25. Bg4 f5 26. Bxf5 gxf5 27. Bxc5 Qxc5 28. Qxf5 Rh6 29. Qf7+ Kh8 30. Ne7 Nd6 31. Ng6+ Kh7 32. Qa7 Rb7 0-1


[Site "https://www.chess.com"]

[Event "Titled Tuesday Blitz January 18 2022"]
[White "Balabayeva, Xeniya"]
[Black "Brodowski, Piotr"]
[WhiteFideId "13719688"]
[BlackFideId "1124480"]
[WhiteElo "1940"]
[BlackElo "2422"]
[Result "1-0"]
[Round "04"]
[TimeControl "180+1"]
[Date "2022.01.18"]
[WhiteClock "0:00:05"]
[BlackClock "0:00:10"]

1. e4 d6 2. d4 Nf6 3. Nc3 g6 4. g3 Bg7 5. Bg2 c6 6. a4 O-O 7. Nge2 a5 8. h3 Nbd7 9. Be3 e5 10. O-O Re8 11. Re1 Qc7 12. Qd2 exd4 13. Nxd4 Nc5 14. Bf4 Nfd7 15. Bh6 Bh8 16. Rad1 Ne5 17. b3 Ne6 18. Nde2 f6 19. Be3 Nf7 20. Nd4 Nc5 21. Bf4 Nd7 22. Nde2 Nde5 23. Be3 b6 24. Kh2 Ba6 25. Nd4 Rad8 26. f4 Nd7 27. Bf2 Nc5 28. g4 Bc8 29. Bg3 Bd7 30. Bf3 Qc8 31. Re2 h6 32. Rde1 Kh7 33. Kg2 g5 34. Rh1 Ne6 35. Nxe6 Bxe6 36. f5 Bd7 37. h4 Kg8 38. hxg5 fxg5 39. Nd1 d5 40. exd5 cxd5 41. Rxe8+ Rxe8 42. Re1 Rxe1 43. Bxe1 Bc6 44. Ne3 d4 45. Nd5 Qd7 46. Nxb6 Bxf3+ 47. Kf2 Qc6 48. Nc4 Bxg4 49. Qd3 Ne5 50. Nxe5 Bxe5 51. Bd2 Qe4 52. Qxe4 Bf6 53. Qxg4 Kg7 54. Qe4 h5 55. Bxa5 h4 56. Bd2 h3 57. Qg4 h2 58. Kg2 d3 59. cxd3 Be5 60. Bxg5 Kf8 61. Bf4 Bf6 62. Qg6 Ke7 63. Bg5 h1=Q+ 64. Kxh1 Kf8 65. Qxf6+ Kg8 66. Qg6+ Kf8 67. Bh6+ Ke7 68. f6+ Kd6 69. f7+ Kc5 70. f8=Q+ Kd4 71. Qfd6+ Kc3 72. Qgf6+ Kc2 73. d4 Kb2 74. Qde5 Ka2 75. d5 Kb1 76. Qb2# 1-0


[Site "https://www.chess.com"]

[Event "Titled Tuesday Blitz January 18 2022"]
[White "Barria Zuniga, Daniel"]
[Black "Pichot, Alan"]
[WhiteFideId "3400816"]
[BlackFideId "110973"]
[WhiteElo "2414"]
[BlackElo "2543"]
[Result "0-1"]
[Round "04"]
[TimeControl "180+1"]
[Date "2022.01.18"]
[WhiteClock "0:00:05"]
[BlackClock "0:00:07"]

1. c4 c5 2. Nc3 Nc6 3. g3 g6 4. Bg2 Bg7 5. a3 d6 6. Rb1 a5 7. Nh3 e6 8. O-O Nge7 9. b3 O-O 10. Bb2 b6 11. e3 Bb7 12. Qe2 d5 13. d3 d4 14. Na4 Rb8 15. e4 Ba8 16. Bc1 e5 17. f4 exf4 18. gxf4 f5 19. Ng5 Qd6 20. Bd2 h6 21. e5 Qd7 22. Nf3 Nd8 23. Nh4 Bc6 24. Bxc6 Qxc6 25. Qg2 Qe8 26. Kh1 Ne6 27. Rg1 Kh7 28. Rbf1 Rg8 29. Rf3 Bf8 30. Rg3 h5 31. Qf3 Bh6 32. Nb2 Rc8 33. b4 axb4 34. axb4 Qc6 35. Qxc6 Rxc6 36. b5 Rcc8 37. Na4 Rb8 38. Ng2 Rb7 39. Ra1 Ra8 40. Ne1 Rba7 41. Nxb6 Rxa1 42. Nxa8 Bxf4 43. Bxf4 Nxf4 44. Rg1 Rxa8 45. Nf3 Nxd3 46. Rb1 Kh6 47. b6 Nb4 48. Nxd4 Rb8 49. Ne6 Rxb6 50. Nxc5 Rc6 51. Rxb4 Rxc5 52. e6 Rc6 53. Kg2 Rxe6 54. Kf3 g5 55. h3 Kg6 56. Rb5 Kf6 57. h4 gxh4 58. Kf4 Ng6+ 59. Kf3 Kg5 60. Kg2 Nf4+ 61. Kf2 Kg4 62. Rb8 Re2+ 63. Kf1 Rc2 64. Rd8 h3 65. Rg8+ Kf3 66. Ke1 h2 0-1


[Site "https://www.chess.com"]

[Event "Titled Tuesday Blitz January 18 2022"]
[White "Bluebaum, Matthias"]
[Black "Rasulov, Vugar"]
[WhiteFideId "24651516"]
[BlackFideId "13402390"]
[WhiteElo "2550"]
[BlackElo "2560"]
[Result "1-0"]
[Round "04"]
[TimeControl "180+1"]
[Date "2022.01.18"]
[WhiteClock "0:01:31"]
[BlackClock "0:00:18"]

1. Nf3 Nf6 2. b3 g6 3. Bb2 Bg7 4. g3 O-O 5. Bg2 d6 6. d4 e5 7. dxe5 Nfd7 8. c4 dxe5 9. Nc3 e4 10. Nd2 e3 11. fxe3 c6 12. O-O Qe7 13. Kh1 Na6 14. a3 Ne5 15. h3 Rd8 16. Qc2 Bf5 17. e4 Be6 18. Nf3 h5 19. Rad1 Nc5 20. b4 Nxc4 21. bxc5 Ne3 22. Qc1 Nxf1 23. Rxf1 Qxc5 24. e5 Bf5 25. Qf4 Rd7 26. g4 hxg4 27. hxg4 Qb6 28. Ba1 Be6 29. Ne4 Qd8 30. Nf6+ Bxf6 31. exf6 Rd1 32. Ng5 Rxf1+ 33. Bxf1 Bb3 34. Kg1 Qb8 35. Be5 Qc8 36. Qg3 Qe8 37. Qh2 1-0


[Site "https://www.chess.com"]

[Event "Titled Tuesday Blitz January 18 2022"]
[White "Cherniaiev, Tykhon"]
[Black "Torres Cueto, Jesus Marcial"]
[WhiteFideId "14182360"]
[BlackFideId "4415280"]
[WhiteElo "2289"]
[BlackElo "2055"]
[Result "1-0"]
[Round "04"]
[TimeControl "180+1"]
[Date "2022.01.18"]
[WhiteClock "0:01:12"]
[BlackClock "0:00:09"]

1. Nf3 d5 2. c4 c6 3. b3 Nf6 4. Bb2 Nbd7 5. g3 g6 6. Bg2 Bg7 7. O-O O-O 8. d3 Re8 9. d4 Qb6 10. Nbd2 a5 11. Qc2 e6 12. e4 dxe4 13. Nxe4 Nxe4 14. Qxe4 a4 15. Qc2 c5 16. Rfd1 axb3 17. axb3 Rxa1 18. Bxa1 cxd4 19. Nxd4 e5 20. Nb5 Nf6 21. Nd6 Rf8 22. Nxc8 Rxc8 23. Bxe5 Ng4 24. Bxg7 Kxg7 25. Qb2+ Kg8 26. Qd4 Qxd4 27. Rxd4 Ne5 28. f4 Ng4 29. Bxb7 Re8 30. Re4 Rb8 31. Re7 Rd8 32. Bd5 Nh6 33. b4 Kf8 34. Rc7 Re8 35. b5 Re1+ 36. Kg2 Rb1 37. h3 f6 38. g4 Rb2+ 39. Kg1 Rb1+ 40. Kf2 Rb2+ 41. Ke3 Rb3+ 42. Kd4 Rxh3 43. b6 Nxg4 44. b7 Rb3 45. Rxh7 f5 46. b8=Q+ Rxb8 47. Rh8+ Ke7 48. Rxb8 1-0


[Site "https://www.chess.com"]

[Event "Titled Tuesday Blitz January 18 2022"]
[White "Cori T., Deysi"]
[Black "Raja Rithvik R"]
[WhiteFideId "3801934"]
[BlackFideId "35007394"]
[WhiteElo "2350"]
[BlackElo "2255"]
[Result "0-1"]
[Round "04"]
[TimeControl "180+1"]
[Date "2022.01.18"]
[WhiteClock "0:01:35"]
[BlackClock "0:01:37"]

1. d4 Nf6 2. Nf3 g6 3. g3 Bg7 4. Bg2 d5 5. O-O O-O 6. c4 dxc4 7. Na3 Nc6 8. Nxc4 Be6 9. Nce5 Bd5 10. a3 a5 11. Nxc6 Bxc6 12. Qc2 Be4 13. Qb3 a4 14. Qd1 Nd5 15. Ne5 Bxg2 16. Kxg2 Nb6 17. e4 Bxe5 18. dxe5 Nc4 19. Qc2 Nxe5 20. Bh6 Re8 21. Rad1 Qc8 22. Qc3 f6 23. Qc4+ Nxc4 0-1


[Site "https://www.chess.com"]

[Event "Titled Tuesday Blitz January 18 2022"]
[White "Corrales Jimenez, Fidel"]
[Black "Jary, Sergey"]
[WhiteFideId "3506690"]
[BlackFideId "14110350"]
[WhiteElo "2541"]
[BlackElo "2260"]
[Result "0-1"]
[Round "04"]
[TimeControl "180+1"]
[Date "2022.01.18"]
[WhiteClock "0:00:07"]
[BlackClock "0:00:15"]

1. d4 Nf6 2. Nf3 g6 3. c4 Bg7 4. Nc3 d6 5. e4 O-O 6. Be2 e5 7. O-O Na6 8. Be3 Qe7 9. Qc2 exd4 10. Bxd4 Nb4 11. Qb1 Nc6 12. Be3 Re8 13. Bg5 h6 14. Nd5 Qd8 15. Nxf6+ Bxf6 16. Bxh6 a5 17. Re1 a4 18. Bd2 Bg4 19. Bc3 Bxc3 20. bxc3 Bxf3 21. Bxf3 Kg7 22. Qxb7 Ne5 23. Be2 Rh8 24. h3 Qg5 25. Bd1 Rxh3 26. Qxa8 Rh8 27. Qd5 Qh4 28. Kf1 Qh1+ 29. Ke2 Qxg2 30. c5 Rb8 31. Rc1 Rb2+ 32. Rc2 Qf3+ 33. Kd2 Qf4+ 34. Re3 Qxf2+ 35. Re2 Qf4+ 36. Ke1 Nf3+ 37. Kf1 Nd2+ 38. Kg2 Qf3+ 39. Kh2 Qf4+ 40. Kg2 Qf3+ 41. Kh2 Rxc2 42. Qd4+ Kg8 43. cxd6 Qh5+ 44. Kg3 Qf3+ 45. Kh2 Qxe2+ 46. Bxe2 Nf3+ 47. Kg3 Nxd4 48. dxc7 Rxc3+ 49. Kf2 Rxc7 50. Bd3 Ne6 51. e5 Rc3 52. Bb5 a3 0-1


[Site "https://www.chess.com"]

[Event "Titled Tuesday Blitz January 18 2022"]
[White "Csonka, Balazs"]
[Black "Ivanov, Oleg"]
[WhiteFideId "742910"]
[BlackFideId "4103114"]
[WhiteElo "2404"]
[BlackElo "2839"]
[Result "1/2-1/2"]
[Round "04"]
[TimeControl "180+1"]
[Date "2022.01.18"]
[WhiteClock "0:00:04"]
[BlackClock "0:00:13"]

1. e4 c5 2. Nf3 Nc6 3. Bb5 d6 4. O-O Bd7 5. Re1 a6 6. Bxc6 Bxc6 7. d4 cxd4 8. Nxd4 e6 9. c4 Rc8 10. b3 Nf6 11. Nc3 Be7 12. Bb2 O-O 13. Qd2 Qa5 14. Rad1 Qh5 15. Nxc6 Rxc6 16. Qe2 Qa5 17. e5 dxe5 18. Qxe5 Qxe5 19. Rxe5 Rd8 20. Rxd8+ Bxd8 21. Re1 Rd6 22. Rd1 Rxd1+ 23. Nxd1 Ne4 24. Kf1 f6 25. Ke2 e5 26. Ne3 Kf7 27. f3 Nd6 28. c5 Nb5 29. Kd3 Ke6 30. b4 Nc7 31. Kc4 f5 32. a4 Bg5 33. Nc2 Nd5 34. b5 axb5+ 35. axb5 Ne3+ 36. Nxe3 Bxe3 37. c6 bxc6 38. bxc6 Kd6 39. Bxe5+ Kxc6 40. Bxg7 Kd6 41. Bd4 Bc1 42. Kd3 Kd5 43. Be3 Bb2 44. Ke2 Be5 45. h3 h5 46. Bf2 Ke6 47. Be3 Kf6 48. Kd3 Kg6 49. Bd4 Bd6 50. Be3 Bc7 51. Kc4 Bd6 52. Kd5 Bc7 53. Ke6 Bb8 54. g4 hxg4 55. fxg4 fxg4 56. hxg4 Bc7 57. Bf4 Bxf4 58. g5 Kxg5 1/2-1/2


[Site "https://www.chess.com"]

[Event "Titled Tuesday Blitz January 18 2022"]
[White "De Silva, L M S T"]
[Black "Bilan, Danila"]
[WhiteFideId "9953698"]
[BlackFideId "24161918"]
[WhiteElo "1631"]
[BlackElo "2164"]
[Result "1/2-1/2"]
[Round "04"]
[TimeControl "180+1"]
[Date "2022.01.18"]
[WhiteClock "0:02:10"]
[BlackClock "0:01:39"]

1. e4 c6 2. d4 d5 3. Nc3 dxe4 4. Nxe4 Bf5 5. Ng3 Bg6 6. h4 h6 7. Nf3 Nd7 8. h5 Bh7 9. Bd3 Bxd3 10. Qxd3 Qc7 11. Bd2 e6 12. O-O-O Bd6 13. Ne4 Ngf6 14. Kb1 Nxe4 15. Qxe4 O-O-O 16. c4 c5 17. Bc3 Nf6 18. Qe2 Qc6 19. g4 Qe4+ 20. Qxe4 Nxe4 21. Be1 cxd4 22. Rxd4 f5 23. gxf5 exf5 24. Rg1 Bc5 25. Rxd8+ Rxd8 26. Kc2 Rd7 27. Ne5 Re7 28. Nd3 Bxf2 29. Nxf2 Nxf2 30. Bxf2 Re2+ 31. Kc3 Rxf2 32. Rxg7 Rh2 33. Rg8+ Kc7 34. Rg7+ Kc8 35. Rg8+ Kc7 36. Rg7+ Kc8 1/2-1/2


[Site "https://www.chess.com"]

[Event "Titled Tuesday Blitz January 18 2022"]
[White "Deac, Bogdan-Daniel"]
[Black "Obolenskikh, Dmitry"]
[WhiteFideId "1226380"]
[BlackFideId "4156013"]
[WhiteElo "2646"]
[BlackElo "2512"]
[Result "1-0"]
[Round "04"]
[TimeControl "180+1"]
[Date "2022.01.18"]
[WhiteClock "0:01:45"]
[BlackClock "0:02:07"]

1. e4 e5 2. Nf3 Nc6 3. d4 exd4 4. Nxd4 Bc5 5. Nb3 Bb6 6. Nc3 Nf6 7. Qe2 Nd4 8. Nxd4 Bxd4 9. e5 Bxc3+ 10. bxc3 Nd5 11. Qg4 Kf8 12. Qd4 Ne7 13. Ba3 Kg8 14. O-O-O Qe8 15. Bc4 Nc6 16. Qf4 Nxe5 17. Rhe1 d6 18. Rxe5 1-0


[Site "https://www.chess.com"]

[Event "Titled Tuesday Blitz January 18 2022"]
[White "Demchenko, Anton"]
[Black "Nazari, Arad"]
[WhiteFideId "4160258"]
[BlackFideId "12577324"]
[WhiteElo "2539"]
[BlackElo "2120"]
[Result "1/2-1/2"]
[Round "04"]
[TimeControl "180+1"]
[Date "2022.01.18"]
[WhiteClock "0:00:03"]
[BlackClock "0:00:07"]

1. e4 d5 2. exd5 Nf6 3. Nf3 c6 4. dxc6 Nxc6 5. d4 Bg4 6. c3 e5 7. Bb5 exd4 8. Qxd4 Qxd4 9. Nxd4 O-O-O 10. Bxc6 bxc6 11. O-O c5 12. Nc6 Re8 13. Bf4 Kb7 14. Ne5 Be6 15. Na3 Bd6 16. Bg3 Ne4 17. Nec4 Bxg3 18. hxg3 Rd8 19. Rfe1 Nf6 20. f3 a6 21. Re2 h5 22. Rae1 Kc7 23. Kf2 Rd5 24. Re5 Rhd8 25. Rxd5 Rxd5 26. Re2 Rd8 27. Ne5 Rb8 28. Nac4 Nd5 29. Rd2 Rd8 30. Ne3 Ne7 31. Rxd8 Kxd8 32. c4 Kc7 33. Nd3 Kd6 34. b3 Nc6 35. Nc2 Bf5 36. Ke3 Bg6 37. Kd2 Bh7 38. Ne3 Nd4 39. Nf2 Ke6 40. g4 hxg4 41. Nfxg4 Bb1 42. Kc3 Bxa2 43. Nf2 Ne2+ 44. Kb2 Nf4 45. Kxa2 Ke5 46. Kb2 Kd4 47. Nf5+ Ke5 48. Nxg7 Nxg2 49. Nh5 Kd4 50. Ng4 f5 51. Nh6 Ke5 52. Kc3 Ne1 53. f4+ Ke4 54. Ng8 Ke3 55. Ngf6 Ng2 56. Nd5+ Ke4 57. b4 cxb4+ 58. Kxb4 Ne1 59. Nhf6+ Kd4 60. Kb3 Nd3 61. Nd7 Ke4 62. Ka4 Kd4 63. Kb3 a5 64. Ka4 Kxc4 65. Ne7 Nxf4 66. Nxf5 Nd5 67. Kxa5 Kd3 68. Nf8 Ne3 69. Nd6 Nc4+ 70. Nxc4 1/2-1/2


[Site "https://www.chess.com"]

[Event "Titled Tuesday Blitz January 18 2022"]
[White "Do Valle Cardoso, Lucas"]
[Black "Timofeev, Artyom"]
[WhiteFideId "2163144"]
[BlackFideId "4140419"]
[WhiteElo "2357"]
[BlackElo "2583"]
[Result "0-1"]
[Round "04"]
[TimeControl "180+1"]
[Date "2022.01.18"]
[WhiteClock "0:00:08"]
[BlackClock "0:00:24"]

1. e4 d6 2. d4 Nf6 3. Nc3 g6 4. f3 c6 5. Be3 b5 6. Qd2 Nbd7 7. h4 Nb6 8. g4 b4 9. Nd1 a5 10. h5 Qc7 11. hxg6 fxg6 12. a3 bxa3 13. Rxa3 a4 14. Nc3 Be6 15. Nh3 Bc4 16. Bd3 Bxd3 17. cxd3 e5 18. Ng5 Be7 19. Ne6 Qc8 20. dxe5 dxe5 21. Bxb6 Qxe6 22. Rxa4 Rxa4 23. Nxa4 O-O 24. Bc5 Ra8 25. Bxe7 Qxe7 26. b3 Rb8 27. Qc3 Qf7 28. Nc5 Re8 29. b4 h5 30. gxh5 Nxh5 31. Qc4 Kg7 32. Qxf7+ Kxf7 33. Kd2 Rb8 34. Rb1 Nf4 35. Nd7 Rb5 36. Nc5 g5 37. Ke3 Ng2+ 38. Kd2 Nf4 39. Kc3 Ne2+ 40. Kc4 Nd4 41. Ra1 Nxf3 42. Ra6 g4 43. Rxc6 Rb8 44. Nd7 Rd8 45. Rc7 Kg6 46. Nc5 g3 47. Ne6 Rg8 48. Ra7 g2 49. Ra1 Kf6 50. Nc5 g1=Q 51. Rxg1 Rxg1 52. b5 Ke7 53. Kd5 Rb1 54. Kc6 Nd4+ 55. Kb6 0-1


[Site "https://www.chess.com"]